Map: Cañón atribulado

Players

MrFercho

  • Race: Zerg Zerg
  • League: Silver
  • Spawn Location: 12:00

tigro

  • Race: Terran Terran
  • League: Bronze
  • Spawn Location: 12:00

TATORREA

  • Race: Protoss Protoss
  • League: Gold
  • Spawn Location: 3:00

SALINERO

  • Race: Terran Terran
  • Spawn Location: 6:00

Goku

  • Race: Terran Terran
  • League: Silver
  • Spawn Location: 6:00

Beto

  • Race: Terran Terran
  • League: Silver
  • Spawn Location: 7:00

VOD

Have the link to the VOD?

Description

Time

  • Played on: July 15, 2020, 10:55 p.m.
  • Length: 26:33
Show
View Real Time Build Order
Export as new Build Order

MrFercho Zerg 

Build Orders: Hatch First 

Get SALT Encoding   

  12  0:01  Drone  
  13  0:13  Overlord  
  13  0:18  Drone  
  14  0:31  Drone x2  
  16  0:53  Hatchery, Drone  
  16  0:58  Drone  
  16  1:01  Drone  
  18  1:07  Extractor  
  17  1:18  Spawning Pool  
  16  1:20  Drone  
  16  1:23  Drone  
  18  1:29  Drone  
  19  1:39  Drone  
  20  1:54  Overlord  
  20  2:02  Drone  
  20  2:05  Queen x2  
  20  2:07  Drone  
  26  2:11  Drone  
  27  2:15  Metabolic Boost  
  27  2:18  Drone  
  27  2:22  Drone  
  29  2:29  Drone  
  30  2:33  Drone  
  31  2:37  Drone  
  32  2:53  Lair  
  32  2:54  Drone  
  32  2:55  Drone  
  32  2:56  Drone  
  35  3:03  Drone  
  35  3:04  Hatchery  
  35  3:08  Drone  
  36  3:17  Overlord  
  36  3:18  Overlord  
  36  3:19  Overlord  
  36  3:35  Extractor  
  36  3:36  Drone x6  
  41  3:45  Drone  
  41  3:47  Drone x4  
  46  3:56  Extractor  
  46  4:00  Drone x3  
  46  4:01  Overlord  
  46  4:02  Overlord  
  48  4:18  Drone x3  
  48  4:23  Queen  
  53  4:29  Nydus Network, Drone x5  
  57  4:44  Zergling x2  
  57  4:45  Zergling x6  
  61  4:54  Queen x2  
  65  5:00  Zergling x12  
  71  5:12  Overlord x2  
  71  5:13  Overlord, Baneling Nest  
  70  5:18  Zergling x6  
  73  5:43  Zergling x20  
  73  5:44  Zergling x6  
  74  6:06  Zergling x6, Drone  
  74  6:07  Zergling x14  
  84  6:34  Baneling x10  
  84  6:35  Baneling x4  
  84  6:38  Zergling x18  
  93  6:57  Queen x3  
  93  6:59  Zergling x2  
  93  7:00  Zergling x4  
  102  7:24  Nydus Canal  
  102  7:26  Zergling x8  
  106  7:30  Overlord x3  
  106  7:31  Overlord x2  
  106  7:40  Queen  
  106  7:43  Queen  
  94  7:58  Baneling x2  
  94  7:59  Baneling x12  
  91  8:09  Extractor  
  91  8:11  Extractor, Drone x14  
  74  8:42  Zergling x2  
  74  8:43  Zergling x16  
  80  9:17  Hatchery  
  80  9:18  Hatchery  
  78  9:30  Zergling x16  
  86  9:45  Pneumatized Carapace  
  86  10:02  Zergling x2  
  86  10:03  Zergling x16  
  86  10:05  Hatchery  
  94  10:10  Queen  
  96  10:17  Drone  
  96  10:18  Drone x3  
  100  10:28  Queen  
  102  10:34  Zergling x16  
  110  10:48  Nydus Canal  
  110  11:02  Zergling x6  
  110  11:03  Zergling x20  
  119  11:21  Lair  
  119  11:26  Baneling x5  
  119  11:27  Baneling x11  
  102  11:54  Zergling x2  
  102  11:55  Zergling x30  
  118  12:30  Nydus Canal  
  118  13:05  Zergling x22  
  123  13:06  Zergling x2  
  130  13:26  Hatchery, Hydralisk Den  
  128  13:34  Evolution Chamber  
  124  13:48  Centrifical Hooks  
  124  13:56  Muscular Augments  
  124  14:03  Lurker Den  
  124  14:09  Evolution Chamber  
  122  14:11  Zerg Missile Weapons Level 1  
  122  14:19  Drone x13  
  122  14:23  Overlord x8  
  100  14:45  Overseer  
  85  15:07  Grooved Spines  
  65  15:36  Extractor  
  65  15:37  Extractor  
  65  15:39  Drone x7  
  65  15:40  Drone x12  
  82  15:51  Zerg Ground Armor Level 1, Infestation Pit  
  81  16:11  Drone x2  
  81  16:12  Drone  
  81  16:16  Extractor  
  83  16:18  Drone x2  
  83  16:19  Drone  
  83  16:20  Extractor, Drone x2  
  83  16:21  Drone  
  83  16:25  Hydralisk x9  
  88  16:26  Hydralisk x2  
  110  16:40  Hive  
  110  16:44  Burrow  
  110  16:45  Hydralisk x8  
  110  16:46  Hydralisk x3  
  132  16:55  Lurker x10  
  132  16:58  Lurker  
  132  17:00  Hydralisk x14  
  171  17:15  Overseer  
  171  17:37  Nydus Canal  
  171  17:47  Hydralisk x8  
  171  17:48  Hydralisk x5  
  197  17:55  Adaptive Talons  
  197  18:16  Spire  
  196  18:22  Baneling x10  
  189  18:38  Overseer x4  
  189  18:39  Overseer  
  182  18:45  Lurker x8  
  182  18:46  Lurker x8  
  182  18:47  Overlord  
  182  18:48  Overlord x11  
  196  18:52  Seismic Spines  
  196  19:03  Zerg Missile Weapons Level 2  
  173  19:34  Hydralisk x14  
  197  19:47  Lurker  
  198  20:13  Corruptor  
  165  20:43  Corruptor, Hydralisk  
  165  20:44  Corruptor  
  165  20:45  Corruptor x12  
  193  21:01  Greater Spire  
  173  22:16  Brood Lord  
  173  22:17  Brood Lord x10  
  173  22:22  Zergling x10  
  196  23:57  Baneling x4  
  196  23:58  Baneling x6  
  135  24:45  Hydralisk x15  
  143  25:33  Hydralisk x12  
  143  25:34  Hydralisk x9  
  170  25:50  Hydralisk  
  170  25:51  Hydralisk x5  
  127  26:20  Lurker  
  127  26:21  Lurker x6  
Show
View Real Time Build Order
Export as new Build Order

tigro Terran 

Build Orders:  

Get SALT Encoding   

  12  0:04  SCV  
  13  0:16  SCV  
  14  0:22  Supply Depot  
  14  0:28  SCV  
  15  0:37  Refinery  
  15  0:43  SCV  
  16  0:51  Barracks  
  16  0:55  SCV  
  17  1:07  SCV  
  18  1:14  Refinery  
  18  1:19  SCV  
  19  1:32  Supply Depot, SCV  
  20  1:39  Marine  
  21  1:44  SCV  
  22  1:56  SCV  
  22  1:57  Marine  
  24  2:09  Factory  
  24  2:13  SCV  
  24  2:14  Marine  
  26  2:21  Engineering Bay  
  26  2:29  Orbital Command  
  26  2:32  Marine  
  27  2:49  Terran Infantry Weapons Level 1  
  27  2:50  Marine  
  28  2:54  Factory Tech Lab  
  28  3:06  Starport  
  28  3:12  Barracks Tech Lab  
  28  3:19  Siege Tank  
  31  3:45  Combat Shield  
  31  3:47  Command Center  
  31  4:02  Medivac  
  33  4:37  Armory  
  33  4:43  Starport Tech Lab  
  33  4:44  Terran Infantry Armor Level 1  
  33  5:02  SCV  
  33  5:03  Refinery  
  34  5:14  SCV  
  35  5:24  Missile Turret  
  35  5:26  SCV  
  36  5:28  Fusion Core  
  36  5:32  Marine  
  37  5:38  SCV  
  38  5:49  Marine  
  38  5:50  SCV  
  38  5:52  Missile Turret  
  35  6:07  Marine  
  35  6:13  Missile Turret  
  35  6:25  Marine  
  36  6:38  Hi-Sec Auto Tracking  
  36  6:43  Marine, Weapon Refit  
  36  6:45  Refinery  
  36  6:46  Battlecruiser  
  43  7:01  Marine  
  36  7:19  Marine  
  36  7:35  Neosteel Armor  
  36  7:36  Marine  
  36  7:54  Marine  
  36  8:12  Marine  
  37  8:23  Rapid Reignition System  
  37  8:30  Marine  
  38  8:48  Marine  
  39  8:58  Barracks  
  39  9:05  Marine  
  39  9:08  Starport  
  31  9:14  Terran Infantry Weapons Level 2  
  31  9:19  Battlecruiser  
  37  9:27  Thor  
  43  9:37  SCV  
  44  9:50  SCV  
  45  9:57  Command Center  
  45  10:02  SCV  
  46  10:09  Barracks Reactor, Thor  
  46  10:11  Starport Tech Lab  
  46  10:14  SCV  
  53  10:23  Battlecruiser  
  53  10:26  SCV  
  60  10:51  Supply Depot  
  60  11:08  Refinery  
  60  11:09  Battlecruiser  
  66  11:14  Supply Depot  
  66  11:31  Missile Turret  
  66  11:33  Planetary Fortress  
  66  11:37  Supply Depot  
  63  11:53  Missile Turret  
  57  12:00  Supply Depot  
  51  12:07  Marine  
  51  12:08  Marine x2  
  54  12:13  Battlecruiser  
  54  12:15  Missile Turret  
  60  12:25  Marine x3  
  63  12:43  Marine x3  
  60  13:01  Marine x3  
  63  13:07  Medivac  
  65  13:17  Medivac  
  65  13:19  Marine  
  68  13:27  SCV  
  69  13:37  Battlecruiser  
  69  13:39  SCV  
  76  13:46  Terran Vehicle Weapons Level 1  
  76  13:47  Battlecruiser  
  82  13:50  Refinery  
  82  13:51  SCV  
  83  14:10  SCV  
  84  14:22  SCV  
  85  14:26  Marine x3  
  88  14:35  SCV  
  89  14:41  Battlecruiser  
  80  14:47  SCV  
  80  14:51  Marine x3, Battlecruiser  
  70  14:59  SCV  
  71  15:01  Terran Infantry Armor Level 2  
  71  15:09  Marine x3  
  74  15:27  Marine x3  
  77  15:29  Thor  
  83  15:40  Terran Vehicle And Ship Armor Level 1  
  83  15:44  Marine  
  83  15:45  Marine x2, Planetary Fortress  
  86  16:03  Marine  
  87  16:12  Thor  
  93  16:23  Marine x3  
  96  16:28  Battlecruiser  
  102  16:34  SCV  
  103  16:41  Marine x3  
  103  16:46  SCV  
  107  16:54  Thor  
  107  16:58  SCV  
  107  16:59  Marine x3  
  96  17:16  Marine  
  96  17:17  Marine x2  
  62  17:34  Marine  
  62  17:35  Terran Ship Weapons Level 1  
  60  17:57  Marine x3  
  53  18:15  Marine x3  
  53  18:19  Battlecruiser  
  62  18:20  Battlecruiser  
  62  18:32  Marine  
  62  18:33  Marine x2  
  65  18:50  Marine x3  
  68  19:08  Marine x3  
  71  19:10  Thor  
  77  19:24  Battlecruiser x2  
  83  19:26  Marine x3  
  80  19:44  Marine x3  
  80  20:02  Marine  
  81  20:28  Battlecruiser x2  
  56  20:59  Marine x3  
  59  21:11  Orbital Command  
  59  21:17  Marine x3  
  62  21:32  Battlecruiser x2  
  74  21:35  Marine x3  
  77  21:52  Marine  
  77  21:53  Marine x2  
  68  22:11  Marine  
  68  22:14  Siege Tank  
  72  22:20  Marine x2  
  74  22:28  Marine  
  75  22:36  Battlecruiser  
  75  22:37  Marine, Battlecruiser  
  87  22:38  Marine  
  89  22:46  Marine, Siege Tank  
  93  22:55  Marine  
  93  22:56  Marine  
  83  23:04  Marine  
  84  23:13  Marine x2  
  84  23:18  Siege Tank  
  89  23:22  Marine  
  90  23:31  Marine x2  
  92  23:40  Marine  
  76  23:49  Marine x2  
  52  24:07  Marine x2  
Show
View Real Time Build Order
Export as new Build Order

TATORREA Protoss 

Build Orders:  

Get SALT Encoding   

  12  0:01  Probe  
  13  0:13  Probe  
  14  0:22  Pylon  
  14  0:25  Probe  
  15  0:40  Probe  
  16  0:43  Gateway  
  16  0:54  Probe  
  16  1:02  Assimilator, Probe  
  17  1:06  Pylon  
  18  1:11  Probe  
  19  1:22  Gateway  
  19  1:23  Probe  
  21  1:40  Probe, Cybernetics Core  
  21  1:43  Pylon  
  21  1:55  Probe  
  22  2:19  Gateway  
  22  2:24  Robotics Facility  
  22  2:26  Probe  
  22  2:27  Assimilator  
  23  2:31  Warp Gate  
  23  2:36  Zealot  
  23  2:37  Zealot  
  27  2:39  Probe  
  28  3:16  Probe  
  28  3:25  Probe  
  28  3:26  Pylon, Nexus  
  29  3:29  Pylon  
  29  3:30  Sentry x2  
  34  3:34  Probe  
  34  3:37  Observer  
  36  3:46  Probe  
  37  3:58  Probe  
  38  4:05  Twilight Council  
  38  4:06  Probe  
  38  4:13  Immortal  
  38  4:14  Probe  
  39  4:19  Assimilator  
  39  4:20  Assimilator  
  44  4:27  Probe  
  45  4:39  Probe  
  45  4:41  Probe  
  47  4:48  Stalker  
  47  4:51  Probe  
  50  4:53  Stalker  
  50  4:54  Probe  
  50  4:58  Stalker  
  55  5:00  Blink  
  55  5:11  Probe x2  
  57  5:23  Probe x2  
  38  5:47  Stalker x3  
  29  5:50  Immortal  
  31  6:11  Stalker  
  31  6:12  Stalker x2  
  33  6:30  Probe  
  33  6:31  Probe  
  33  6:38  Probe  
  33  6:39  Probe  
  37  6:48  Probe x2  
  39  7:00  Probe x2  
  45  7:01  Charge, Immortal  
  45  7:12  Probe x2  
  47  7:19  Stalker  
  48  7:24  Probe x2  
  45  7:40  Observer  
  45  7:44  Stalker x3  
  52  8:01  Probe x2  
  54  8:13  Probe x2  
  52  8:22  Assimilator  
  52  8:24  Stalker  
  52  8:25  Stalker x2, Probe  
  52  8:26  Probe  
  60  8:35  Pylon  
  60  8:40  Gateway  
  60  8:53  Immortal  
  64  9:05  Probe x2  
  64  9:06  Nexus  
  64  9:08  Pylon x2  
  66  9:17  Probe x2  
  68  9:38  Stalker x4  
  72  9:41  Observer  
  72  9:42  Probe x2  
  79  9:54  Probe x2  
  81  10:03  Forge  
  81  10:04  Forge, Robotics Bay  
  81  10:06  Forge  
  81  10:07  Probe x2  
  83  10:18  Assimilator  
  83  10:19  Assimilator  
  83  10:40  Probe x3  
  86  10:47  Protoss Ground Armor Level 1, Protoss Ground Weapons Level 1, Protoss Shields Level 1  
  86  10:51  Stalker  
  86  10:52  Probe x3  
  86  10:54  Stalker x3  
  97  11:04  Extended Thermal Lance  
  97  11:11  Pylon  
  97  11:14  Pylon  
  97  11:28  Colossus, Probe x3  
  97  11:29  Pylon  
  106  11:32  Nexus  
  106  11:34  Pylon  
  106  11:36  Pylon  
  106  11:45  Stalker x3  
  106  11:46  Stalker  
  82  12:19  Stalker x3  
  82  12:20  Stalker  
  85  12:24  Observer  
  64  13:04  Protoss Ground Armor Level 2, Protoss Ground Weapons Level 2  
  64  13:05  Protoss Shields Level 2  
  59  13:08  Probe  
  59  13:09  Probe x2  
  62  13:13  Probe  
  62  13:16  Probe  
  62  13:17  Probe x2  
  63  13:21  Probe  
  63  13:24  Probe  
  63  13:25  Probe  
  63  13:26  Probe  
  67  13:29  Probe  
  71  13:35  Probe x3  
  74  13:41  Probe  
  74  13:47  Probe x2  
  74  13:48  Probe  
  78  13:52  Colossus  
  78  13:53  Probe  
  85  13:59  Probe x2  
  85  14:01  Probe  
  88  14:07  Probe  
  89  14:11  Probe  
  89  14:12  Probe  
  71  14:47  Stalker  
  71  14:48  Stalker x3  
  71  14:49  Probe x3  
  71  14:50  Probe  
  83  15:01  Probe x2  
  83  15:02  Probe  
  83  15:04  Observer  
  87  15:12  Stalker  
  87  15:13  Stalker x3  
  95  15:15  Probe x2  
  95  15:16  Probe x2  
  99  15:23  Protoss Ground Weapons Level 3, Protoss Shields Level 3, Protoss Ground Armor Level 3  
  99  15:24  Protoss Air Weapons Level 1  
  99  15:27  Probe x2  
  101  15:43  Probe  
  101  15:44  Probe x3  
  105  16:03  Probe x3  
  105  16:04  Probe  
  109  16:09  Assimilator  
  109  16:13  Assimilator  
  109  16:18  Gateway  
  109  16:20  Gateway, Probe x3  
  109  16:21  Gateway, Probe  
  109  16:24  Gateway  
  113  16:27  Gateway  
  113  16:29  Colossus  
  113  16:30  Gateway  
  119  16:33  Templar Archives  
  119  16:43  Probe x4  
  123  16:57  Stalker x4  
  131  17:11  Nexus  
  131  17:13  Pylon  
  131  17:14  Pylon  
  93  17:23  Colossus  
  83  17:38  Stalker x3  
  83  17:39  Stalker x4  
  83  17:40  Stalker x3  
  20  18:15  Stalker x4  
  20  18:16  Stalker x2  
  16  18:42  Stalker x2  
  16  18:43  Stalker  
  19  18:59  Probe x2  
  21  19:11  Probe  
  21  19:15  Probe  
  12  19:48  Probe x2  
  12  19:50  Observer  
  14  19:56  Probe x2  
  16  20:14  Probe x2  
  16  20:15  Cybernetics Core  
  18  20:22  Assimilator  
  18  20:27  Assimilator, Probe  
  18  20:57  Probe x2  
  20  21:09  Probe  
  21  21:14  Probe  
Show
View Real Time Build Order
Export as new Build Order

SALINERO Terran 

Build Orders:  

Get SALT Encoding   

  12  0:01  SCV  
  13  0:18  SCV  
  13  0:19  Supply Depot  
  14  0:30  SCV  
  14  0:33  Refinery  
  15  0:45  Barracks  
  15  0:48  SCV  
  16  1:00  SCV  
  16  1:02  Refinery  
  17  1:12  SCV  
  18  1:24  SCV  
  19  1:39  Factory  
  19  1:41  SCV  
  19  1:44  Barracks Tech Lab  
  19  1:46  Supply Depot  
  20  1:57  SCV  
  21  2:05  Marine  
  21  2:06  Engineering Bay  
  22  2:09  SCV  
  23  2:21  SCV  
  24  2:27  Factory Tech Lab  
  24  2:30  Starport, Marine  
  25  2:40  Concussive Shells  
  25  2:48  Siege Tank  
  28  2:54  Supply Depot  
  28  3:08  Starport Reactor  
  28  3:11  SCV  
  29  3:14  Marine  
  30  3:20  Siege Tank  
  33  3:29  Orbital Command  
  33  3:42  Supply Depot  
  33  3:46  Medivac x2  
  33  3:48  Marine  
  38  4:04  Terran Infantry Armor Level 1  
  38  4:17  Marine  
  38  4:22  Command Center  
  39  4:35  Marine  
  39  4:37  Supply Depot  
  40  4:40  Missile Turret  
  40  4:44  SCV  
  41  4:53  Marauder  
  41  4:56  SCV  
  44  5:04  Siege Tank  
  47  5:08  SCV  
  48  5:14  Marine  
  48  5:15  Medivac  
  48  5:21  SCV  
  52  5:32  Marine  
  52  5:33  SCV  
  51  5:36  Siege Tank  
  49  5:49  Marine  
  50  6:07  Marine  
  50  6:08  Siege Tank  
  52  6:15  Medivac x2  
  52  6:17  SCV  
  52  6:18  SCV  
  56  6:25  Command Center, Marine  
  52  6:28  Barracks  
  52  6:29  SCV  
  52  6:30  SCV  
  55  6:40  Siege Tank  
  55  6:43  Marine  
  55  6:45  SCV, Refinery  
  55  6:46  SCV  
  61  6:52  Missile Turret  
  61  6:55  Combat Shield  
  61  6:58  SCV  
  61  7:01  Marine  
  63  7:17  Siege Tank  
  63  7:19  Marine  
  63  7:20  Barracks Reactor  
  67  7:28  Refinery  
  67  7:36  Marine  
  68  7:52  Medivac  
  68  7:53  Medivac  
  68  7:54  Marine  
  72  8:03  Marine x2  
  69  8:12  Marine  
  64  8:21  Marine x2  
  64  8:22  Medivac  
  64  8:23  Medivac  
  70  8:28  Command Center  
  70  8:30  Marine  
  71  8:39  Marine x2  
  73  8:48  Marine  
  74  8:52  SCV x2  
  74  8:53  Planetary Fortress  
  76  8:56  Marine  
  76  8:57  Marine  
  78  9:04  SCV x2  
  80  9:16  SCV x2  
  82  9:21  Missile Turret  
  82  9:23  Missile Turret  
  82  9:24  Missile Turret x2  
  82  9:28  SCV  
  82  9:29  Orbital Command  
  83  9:40  SCV  
  84  9:51  Marine  
  84  9:52  Marine x2  
  86  9:53  Medivac x2, SCV  
  86  9:56  Siege Tank  
  86  9:59  SCV  
  96  10:05  SCV x2  
  98  10:09  Marine  
  98  10:10  Marine  
  100  10:25  Supply Depot  
  100  10:26  Supply Depot  
  100  10:29  Supply Depot  
  100  10:30  Planetary Fortress  
  100  10:45  Command Center  
  100  10:46  Medivac x2, Marine x3, SCV  
  100  10:47  Siege Tank  
  111  10:59  SCV  
  111  11:03  Stimpack  
  112  11:04  Marine x3  
  112  11:05  Terran Infantry Weapons Level 1  
  112  11:11  Armory, SCV  
  116  11:12  Engineering Bay  
  116  11:17  SCV  
  117  11:20  Siege Tank  
  117  11:22  Marine x3  
  117  11:23  SCV  
  117  11:24  Missile Turret  
  124  11:42  Supply Depot  
  124  11:44  Marine  
  124  11:46  SCV  
  124  11:48  Marine x2, SCV  
  124  11:52  Siege Tank  
  118  11:58  SCV  
  118  12:00  SCV  
  115  12:02  Marine  
  115  12:06  Marine x2  
  112  12:10  SCV  
  112  12:12  SCV  
  112  12:15  Medivac x2  
  102  12:20  Marine  
  102  12:22  SCV  
  97  12:23  Marine, Missile Turret  
  97  12:24  Marine, Siege Tank  
  97  12:25  SCV  
  97  12:26  Missile Turret x2  
  97  12:27  Missile Turret  
  97  12:28  Refinery  
  97  12:29  Missile Turret  
  103  12:30  Refinery x2  
  103  12:31  Refinery  
  103  12:34  SCV  
  105  12:37  SCV  
  105  12:38  Marine  
  105  12:41  Marine x2  
  105  12:42  Terran Infantry Armor Level 2  
  108  12:45  Medivac  
  108  12:46  SCV  
  108  12:47  Terran Vehicle Weapons Level 1  
  108  12:49  SCV  
  112  12:56  Marine, Siege Tank  
  116  12:59  Marine x2, SCV  
  119  13:06  Barracks x2  
  119  13:13  Medivac, Marine  
  119  13:14  Barracks x2  
  119  13:15  Barracks, Medivac  
  119  13:17  Barracks, Marine x2  
  126  13:28  Siege Tank  
  126  13:31  Marine, Planetary Fortress  
  126  13:33  SCV x2  
  132  13:35  Marine x2  
  132  13:40  Missile Turret  
  134  13:42  Missile Turret  
  134  13:45  SCV  
  135  13:49  Marine  
  135  13:52  SCV  
  135  13:53  Marauder, Marine  
  135  13:55  Barracks Reactor  
  140  13:56  Barracks Tech Lab  
  140  13:57  SCV  
  140  13:59  Medivac x2  
  140  14:01  Barracks Tech Lab  
  145  14:03  Missile Turret  
  145  14:04  Missile Turret  
  145  14:06  Siege Tank  
  145  14:07  Marine  
  145  14:09  Supply Depot x2  
  149  14:10  Marine  
  149  14:12  Supply Depot  
  149  14:14  Marauder  
  152  14:21  SCV x2  
  154  14:24  Refinery  
  154  14:25  Marine, Refinery  
  154  14:26  Terran Infantry Weapons Level 2  
  154  14:28  Command Center, Marine  
  154  14:29  Medivac x2  
  154  14:31  Missile Turret  
  160  14:33  SCV  
  160  14:35  Marine  
  161  14:39  Missile Turret  
  161  14:40  Missile Turret  
  161  14:42  Marine, Terran Vehicle And Ship Armor Level 1  
  162  14:46  Marine  
  162  14:48  Missile Turret  
  162  14:51  Missile Turret  
  162  14:52  Refinery, Siege Tank  
  162  14:54  Marauder  
  162  14:59  Medivac x2  
  168  15:00  Marine, Refinery  
  168  15:04  Marine  
  168  15:06  SCV x2  
  172  15:14  Marine  
  172  15:17  Barracks Reactor  
  172  15:18  Barracks Tech Lab, Marine, SCV x2  
  176  15:22  Barracks Tech Lab, Marine  
  176  15:24  Siege Tank  
  176  15:25  Marine x4  
  184  15:30  SCV x2  
  184  15:32  Marine  
  187  15:40  Marine x2  
  187  15:42  SCV  
  190  15:43  Marine x3  
  190  15:44  Marauder, Factory  
  190  15:47  Factory  
  195  15:50  Supply Depot, Marine  
  195  15:52  Supply Depot, Command Center  
  195  15:56  Siege Tank  
  199  15:58  Marine  
  200  16:04  Terran Infantry Armor Level 3  
  200  16:12  Supply Depot  
  200  16:28  Armory  
  200  16:34  Factory Tech Lab  
  200  16:35  Armory  
  200  16:36  Terran Ship Weapons Level 1  
  200  16:38  Factory Tech Lab  
  200  16:42  Neosteel Armor  
  200  16:47  Command Center  
  156  17:28  Marine  
  156  17:29  Marine x10  
  163  17:31  Siege Tank x2  
  163  17:32  Siege Tank  
  172  17:46  Marine x2  
  172  17:47  Marine x9  
  181  17:57  Medivac  
  181  17:58  Medivac  
  185  18:03  Siege Tank  
  185  18:04  Marine x6, Siege Tank x2  
  185  18:05  Marine  
  200  18:08  Marine  
  200  18:09  Marine x2  
  200  18:12  Marine  
  191  18:22  Marine x6, Hi-Sec Auto Tracking  
  191  18:23  Marine  
  191  18:24  Planetary Fortress  
  191  18:26  Marine x2  
  200  18:33  Orbital Command  
  200  19:04  Terran Infantry Weapons Level 3  
  145  19:33  Marine x2  
  145  19:34  Marine x9  
  156  19:39  SCV  
  156  19:44  Orbital Command  
  154  19:51  Marine x2, SCV  
  154  19:52  Marine x9  
  164  20:03  SCV  
  160  20:09  Marine x2  
  160  20:10  Marine x9  
  168  20:15  SCV  
  166  20:27  Marine x5, SCV  
  166  20:28  Marine x6, Orbital Command  
  175  20:45  Marine x11  
  174  21:02  Marine  
  174  21:03  Marine x9  
  186  21:04  Marauder  
  186  21:06  Siege Tank  
  186  21:07  SCV, Siege Tank x2  
  196  21:14  SCV  
  197  21:20  Marine x2  
  197  21:21  Marine  
  197  21:25  Marine  
  199  21:26  SCV  
  190  21:38  SCV, Siege Tank  
  190  21:39  Siege Tank x2  
  197  22:00  Marine x3  
  200  22:01  Missile Turret  
  200  22:02  Missile Turret x2  
  200  22:06  Missile Turret  
  200  22:11  Siege Tank  
  200  22:15  Marine  
  200  22:25  Orbital Command  
  200  22:29  Terran Vehicle And Ship Armor Level 2, Terran Vehicle Weapons Level 2, Terran Ship Weapons Level 2  
  200  22:45  Barracks  
  200  22:48  Barracks  
  195  23:02  Marine x3, Missile Turret  
  195  23:03  Marine x3, Missile Turret x2  
  195  23:04  Marine x2  
  197  23:09  Marine x3  
  197  23:12  Siege Tank  
  199  23:34  Marine  
  200  23:35  Barracks, Marine x3  
  200  23:39  Marine x3  
  200  23:40  Barracks  
  184  23:52  Marine  
  184  23:53  Marine x7  
  187  23:57  Marine x3  
  176  24:10  Marine x2  
  152  24:21  Marine x9  
  161  24:24  Barracks  
  161  24:25  Medivac x2  
  161  24:28  Marine x2  
  167  24:31  Barracks  
  167  24:38  Marine  
  167  24:39  Marine x8  
  167  24:46  Marine x2  
  169  24:55  Medivac x2  
  169  24:56  Marine  
  169  24:57  Marine x8  
  169  24:58  Command Center  
  182  25:03  Marine  
  182  25:04  Barracks Reactor x2, Marine  
  182  25:05  Barracks Reactor  
  182  25:06  Barracks Reactor  
  184  25:14  Marine  
  184  25:15  Marine x8  
  184  25:19  Barracks, Marine x2  
  195  25:21  Marine  
  195  25:22  Marine  
  195  25:25  Medivac x2  
  195  25:27  Orbital Command  
  196  25:32  Marine x6  
  196  25:33  Marine x3  
  194  25:36  Marine  
  194  25:37  Marine  
  194  25:39  Marine x2  
  196  25:48  Marine x4  
  200  26:08  Barracks  
  199  26:28  Starport  
  199  26:29  Starport  
  199  26:32  Starport  
Show
View Real Time Build Order
Export as new Build Order

Goku Terran 

Build Orders: Mech 

Get SALT Encoding   

  12  0:03  SCV  
  13  0:24  Supply Depot  
  13  0:31  SCV  
  14  0:37  Refinery  
  14  0:43  SCV  
  15  0:50  Barracks  
  15  0:57  SCV  
  16  1:10  Refinery, SCV  
  17  1:18  Barracks  
  17  1:22  SCV  
  18  1:34  SCV  
  19  1:44  Supply Depot  
  19  1:46  SCV  
  20  1:55  Barracks Tech Lab  
  20  2:08  Barracks Reactor, Factory  
  20  2:22  Supply Depot  
  20  2:27  Orbital Command  
  20  2:52  Stimpack  
  20  2:57  Factory Tech Lab  
  20  3:05  Starport  
  20  3:10  Marine x2  
  20  3:11  Marine  
  23  3:16  SCV  
  23  3:18  Siege Tank  
  27  3:31  Marine x2  
  27  3:32  Marine  
  30  3:36  SCV  
  31  3:43  Starport Reactor  
  31  3:48  SCV  
  32  3:53  Siege Tank  
  35  4:05  Marine  
  35  4:06  Marine x2  
  38  4:13  Supply Depot  
  38  4:16  SCV  
  39  4:25  Medivac x2  
  43  4:36  Siege Tank  
  43  4:37  Supply Depot  
  46  5:20  Marine x2  
  48  5:21  Marine  
  33  6:38  Marine x3  
  36  6:42  Siege Tank  
  39  6:54  Command Center  
  39  6:56  Marine x3  
  42  7:02  Engineering Bay  
  42  7:09  Armory  
  42  7:11  Armory  
  42  7:14  Siege Tank  
  45  7:28  Factory  
  45  7:29  Factory, SCV  
  46  7:34  Factory  
  46  7:36  Supply Depot  
  46  7:38  Supply Depot  
  46  7:41  Supply Depot, SCV  
  46  7:42  Supply Depot x2  
  47  7:54  SCV  
  48  8:01  Terran Vehicle Weapons Level 1  
  48  8:02  Terran Vehicle And Ship Armor Level 1  
  48  8:06  SCV  
  49  8:17  Refinery  
  49  8:18  SCV  
  50  8:31  Factory Tech Lab x3  
  50  8:42  Refinery  
  50  8:46  Supply Depot  
  50  9:11  Thor  
  50  9:12  Thor  
  62  9:17  Orbital Command  
  62  9:30  Missile Turret  
  62  9:31  Missile Turret  
  62  9:32  Missile Turret  
  62  9:39  Missile Turret  
  62  9:40  Missile Turret  
  62  9:49  SCV  
  63  9:55  Missile Turret  
  63  9:57  SCV, Missile Turret  
  64  10:02  SCV  
  64  10:03  Missile Turret  
  65  10:09  SCV  
  65  10:14  SCV  
  67  10:21  SCV  
  68  10:26  SCV  
  69  10:31  Thor x2  
  69  10:33  SCV  
  82  10:38  SCV  
  83  10:45  SCV  
  84  11:18  Terran Vehicle Weapons Level 2  
  84  11:19  Terran Vehicle And Ship Armor Level 2  
  84  11:27  Viking x2  
  88  11:41  Missile Turret  
  88  11:42  Missile Turret x3  
  88  11:57  Viking x2  
  92  12:03  Missile Turret  
  92  12:05  Missile Turret  
  92  12:06  Missile Turret  
  92  12:22  Sensor Tower  
  92  12:27  Viking  
  94  12:56  Sensor Tower  
  94  13:18  Thor x2  
  94  13:19  Thor  
  112  13:20  Thor  
  118  13:51  Terran Vehicle Weapons Level 3  
  118  13:53  Terran Vehicle And Ship Armor Level 3  
  108  16:06  Missile Turret, Refinery  
  108  16:07  Refinery  
  108  16:08  Missile Turret  
  108  16:09  Missile Turret  
  108  16:10  Missile Turret  
  108  16:12  Command Center  
  108  16:17  Missile Turret x3  
  108  16:19  Missile Turret  
  108  16:31  Sensor Tower  
  108  16:49  Command Center  
  108  16:52  Refinery  
  108  17:01  Refinery  
  108  17:04  Thor x4  
  132  17:42  Planetary Fortress  
  132  18:04  Thor  
  132  18:05  Thor x3  
  156  18:24  Planetary Fortress  
  156  18:34  Missile Turret  
  156  18:39  Missile Turret  
  156  18:40  Missile Turret  
  156  18:55  Missile Turret  
  156  19:02  Missile Turret  
  156  19:03  Missile Turret  
  156  19:10  Thor  
  156  19:11  Thor  
  156  19:16  Thor  
  174  19:19  Missile Turret  
  174  19:24  Missile Turret  
  174  19:25  Missile Turret  
  174  19:41  Missile Turret  
  174  19:45  Thor  
  180  20:06  Hi-Sec Auto Tracking  
  180  20:46  Starport Tech Lab  
  180  21:03  Neosteel Armor  
  180  21:14  Smart Servos  
  180  21:15  Drilling Claws  
  180  21:18  Raven  
  170  21:53  Thor x4  
  92  22:01  Raven  
  88  22:35  Thor x2  
  88  22:36  Thor x2  
  112  23:18  Thor x3  
  112  23:19  Thor  
  136  24:01  Thor x4  
  160  25:15  Thor x3  
  160  25:16  Thor  
Show
View Real Time Build Order
Export as new Build Order

Beto Terran 

Build Orders: 2 Factory 

Get SALT Encoding   

  12  0:02  SCV  
  13  0:20  Supply Depot  
  13  0:22  SCV  
  14  0:34  SCV  
  15  0:46  SCV  
  16  0:50  Barracks  
  16  0:59  SCV  
  16  1:00  Refinery  
  16  1:04  Refinery  
  17  1:11  SCV  
  18  1:23  SCV  
  19  1:35  SCV  
  20  1:40  Supply Depot  
  20  1:41  Marine  
  21  1:48  Orbital Command  
  21  1:59  Marine  
  22  2:17  Marine  
  22  2:20  Command Center  
  23  2:34  Marine  
  24  2:38  Factory  
  24  2:40  SCV  
  25  2:52  Marine  
  26  3:06  Supply Depot  
  26  3:10  Marine  
  27  3:22  Factory  
  27  3:28  Marine  
  27  3:31  Factory Tech Lab  
  28  3:43  Engineering Bay  
  28  3:46  Marine  
  29  4:01  Factory  
  31  4:03  Widow Mine  
  31  4:04  Marine  
  31  4:07  Factory Reactor  
  32  4:13  Armory  
  32  4:19  Orbital Command  
  32  4:21  Marine  
  32  4:22  SCV  
  36  4:24  Widow Mine  
  36  4:34  SCV  
  37  4:55  Widow Mine x2  
  37  4:56  Widow Mine  
  37  4:58  Factory Reactor  
  43  5:03  Drilling Claws  
  43  5:15  Factory  
  43  5:17  Widow Mine x2  
  47  5:23  Factory  
  47  5:41  Terran Vehicle Weapons Level 1  
  47  5:51  Widow Mine  
  47  5:52  Widow Mine x2  
  53  6:00  SCV  
  54  6:12  Supply Depot  
  54  6:21  Factory Reactor  
  54  6:23  Factory Tech Lab  
  54  6:33  SCV x2  
  54  6:34  Supply Depot, Widow Mine x3  
  62  6:55  SCV x2  
  62  6:57  Supply Depot  
  54  7:35  Terran Vehicle And Ship Armor Level 1  
  50  7:42  Widow Mine x5  
  50  7:43  Widow Mine x3  
  66  7:57  Supply Depot, Refinery  
  66  8:02  SCV  
  66  8:03  Widow Mine x2  
  66  8:04  SCV, Widow Mine x3  
  78  8:11  Widow Mine  
  78  8:14  Widow Mine x2  
  78  8:18  SCV x2  
  78  8:19  Supply Depot  
  80  8:25  Widow Mine x3  
  86  8:40  SCV  
  86  8:41  Widow Mine x3  
  89  9:16  Widow Mine  
  89  9:17  Widow Mine  
  93  9:25  Widow Mine  
  93  9:26  Widow Mine  
  93  9:51  Supply Depot  
  93  10:02  Refinery  
  93  10:13  Widow Mine x4  
  93  10:14  Supply Depot  
  101  10:20  Widow Mine  
  101  10:21  Widow Mine  
  101  10:22  Widow Mine  
  109  10:36  Widow Mine x4  
  109  10:37  Supply Depot  
  109  10:59  Widow Mine x4  
  117  11:04  Supply Depot  
  117  11:07  Command Center  
  117  11:26  Widow Mine x4  
  117  11:27  Supply Depot  
  125  11:44  Widow Mine  
  125  11:49  Widow Mine x4  
  125  11:51  Supply Depot  
  133  12:13  Widow Mine x4  
  133  12:14  Supply Depot  
  141  12:19  Widow Mine x4  
  149  12:35  Widow Mine x2  
  149  12:38  Supply Depot  
  149  12:40  Widow Mine x2  
  147  12:56  Widow Mine  
  141  13:01  Supply Depot, Thor  
  141  13:05  Widow Mine x3  
  137  13:17  Thor  
  143  13:25  Supply Depot  
  143  13:26  Planetary Fortress  
  143  13:33  SCV x2  
  145  13:44  Thor  
  145  13:45  SCV x2  
  153  13:57  SCV x2  
  153  14:00  Thor  
  161  14:04  SCV  
  161  14:09  SCV x2  
  164  14:10  Supply Depot  
  164  14:16  Widow Mine, SCV  
  173  14:17  Widow Mine x5  
  173  14:21  SCV x2  
  179  14:27  Thor  
  179  14:28  SCV  
  172  14:33  SCV  
  157  14:42  Thor  
  157  14:55  Widow Mine x6  
  169  15:07  Refinery  
  169  15:08  Refinery  
  169  15:09  Thor  
  175  15:16  Widow Mine x3  
  175  15:17  Widow Mine  
  183  15:25  Thor, Widow Mine x2  
  193  15:38  Widow Mine x2  
  193  15:42  Terran Vehicle Weapons Level 2  
  197  15:50  Command Center  
  197  17:02  Widow Mine  
  199  17:16  Widow Mine  
  199  17:17  Widow Mine  
  199  17:19  Widow Mine x4  
  199  17:20  Widow Mine  
  199  17:58  Terran Vehicle And Ship Armor Level 2  
  159  18:53  Hellion x2  
  159  18:54  Widow Mine x6  
  175  19:09  Orbital Command, Refinery  
  175  19:14  Widow Mine x2  
  175  19:15  Widow Mine x3  
  175  19:16  Widow Mine x3  
  191  19:36  Widow Mine x3  
  191  19:37  Widow Mine  
  193  19:57  Widow Mine  
  109  21:13  Widow Mine x2  
  109  21:14  Widow Mine x6  
  125  21:27  Refinery  
  125  21:35  Widow Mine x7  
  125  21:36  Widow Mine  
  141  21:56  Widow Mine x4  
  141  21:57  Widow Mine x4  
  157  22:17  Widow Mine  
  157  22:18  Widow Mine x7  
  173  22:39  Widow Mine x6  
  173  22:40  Widow Mine x2  
  187  23:00  Widow Mine x3  
  187  23:01  Widow Mine x3  
  155  25:55  Widow Mine x3  
  155  25:56  Widow Mine x5  
Tags
 
Add a new tag
Caveats
  • Supply blocks, unpowered buildings, or Contaminate may cause inaccurate times.
  • Supply counts are checked every 10 seconds.